[Event "Titled Tuesday Blitz November 29 Early 2022"]
[White "Urazayev, Arystanbek"]
[Black "Khandelwal, Ankush"]
[WhiteFideId "13709810"]
[BlackFideId "413470"]
[WhiteElo "2441"]
[BlackElo "2271"]
[Result "0-1"]
[Round "01"]
[TimeControl "180+1"]
[Date "2022.11.30"]
[WhiteClock "0:00:05"]
[BlackClock "0:00:05"]

1. c4 Nf6 2. Nc3 g6 3. g3 Bg7 4. Bg2 O-O 5. Nf3 d6 6. d4 Nc6 7. O-O e5 8. dxe5 dxe5 9. Bg5 h6 10. Bxf6 Bxf6 11. Qxd8 Bxd8 12. Nd5 f5 13. e3 e4 14. Nd4 Nxd4 15. exd4 c6 16. Nc3 Bf6 17. Rad1 Rd8 18. Ne2 Be6 19. b3 b5 20. d5 Bf7 21. f3 bxc4 22. fxe4 cxd5 23. exd5 cxb3 24. axb3 Rab8 25. Rd3 Rb5 26. Rfd1 Rdb8 27. Nd4 Bxd4+ 28. Rxd4 Rxb3 29. d6 Rd8 30. Ra1 Rb6 31. d7 a6 32. Rc1 Kf8 33. Bc6 Be6 34. Ba4 Ke7 35. Re1 Rd6 36. Rb4 Kf6 37. g4 Bxd7 38. gxf5 Bxf5 39. h4 Rd4 40. Rb6+ R8d6 41. Rxd6+ Rxd6 42. h5 g5 43. Re8 Bg4 44. Rf8+ Ke5 45. Be8 Rf6 46. Rh8 Kf4 47. Bg6 a5 48. Kf2 a4 49. Ra8 Bd1 50. Ke1 Bb3 51. Kd2 Rd6+ 52. Kc3 Rc6+ 53. Kb2 g4 54. Rf8+ Kg5 55. Be4 Rf6 56. Rb8 Kf4 57. Ba8 Ke3 58. Rb4 g3 59. Rg4 Kf2 60. Rg6 Rxg6 61. hxg6 h5 62. g7 h4 63. Bc6 g2 64. Bxa4 Bg8 65. Bb3 g1=Q 66. Bxg8 Qxg7+ 0-1


[Site "https://www.chess.com"]

[Event "Titled Tuesday Blitz November 29 Early 2022"]
[White "Vakhlamov, Igor L."]
[Black "Kulkarni, Vikramaditya"]
[WhiteFideId "24126748"]
[BlackFideId "5009847"]
[WhiteElo "2401"]
[BlackElo "2273"]
[Result "1-0"]
[Round "01"]
[TimeControl "180+1"]
[Date "2022.11.30"]
[WhiteClock "0:00:04"]
[BlackClock "0:00:01"]

1. e4 e6 2. d4 d5 3. Nc3 Nf6 4. Bd3 Nc6 5. Nf3 Nb4 6. e5 Nxd3+ 7. cxd3 Nd7 8. Bg5 Be7 9. Bxe7 Qxe7 10. O-O O-O 11. Rc1 c6 12. Re1 b6 13. Ne2 Bb7 14. Qd2 a5 15. h4 Rac8 16. Ng3 Ba6 17. a3 c5 18. h5 cxd4 19. Nxd4 Rxc1 20. Qxc1 Bxd3 21. h6 g6 22. Qc7 Qc5 23. Nc6 Bb5 24. Qxd7 Bxc6 25. Qa7 d4 26. b4 Qc3 27. Rd1 d3 28. Qc7 Qc2 29. Rf1 d2 30. Qd6 Bd5 31. Qe7 d1=Q 32. Qf6 1-0


[Site "https://www.chess.com"]

[Event "Titled Tuesday Blitz November 29 Early 2022"]
[White "Van Osch, Mees"]
[Black "Seo, Jung Min"]
[WhiteFideId "1035967"]
[BlackFideId "1734687"]
[WhiteElo "2324"]
[BlackElo "2455"]
[Result "0-1"]
[Round "01"]
[TimeControl "180+1"]
[Date "2022.11.30"]
[WhiteClock "0:02:00"]
[BlackClock "0:02:10"]

1. e4 c5 2. Nf3 d6 3. d4 cxd4 4. Nxd4 Nf6 5. Nc3 a6 6. Nb3 e5 7. Bg5 Be6 8. Qd2 Nbd7 9. O-O-O Qc7 10. Kb1 b5 11. f4 Be7 12. f5 Bc4 13. h3 b4 14. Bxc4 Qxc4 15. Nd5 Nxd5 16. Bxe7 Nxe7 17. Qxd6 Nf6 18. Na5 Qb5 0-1


[Site "https://www.chess.com"]

[Event "Titled Tuesday Blitz November 29 Early 2022"]
[White "Vysochin, Spartak"]
[Black "Le, Tuan Minh"]
[WhiteFideId "14103516"]
[BlackFideId "12401153"]
[WhiteElo "2412"]
[BlackElo "2530"]
[Result "0-1"]
[Round "01"]
[TimeControl "180+1"]
[Date "2022.11.30"]
[WhiteClock "0:00:14"]
[BlackClock "0:01:02"]

1. d4 d5 2. Nf3 Nf6 3. Bf4 c5 4. e3 Qb6 5. b3 Nc6 6. dxc5 Qxc5 7. Nbd2 Bg4 8. Be2 g6 9. O-O Bg7 10. Rc1 O-O 11. c4 Qa5 12. Qc2 Nb4 13. Qb1 Bf5 14. Qa1 Ne4 15. Be5 Bxe5 16. Qxe5 Nxd2 17. Nxd2 Nxa2 18. Rcd1 Nc3 19. Rde1 Nxe2+ 20. Rxe2 Bd3 21. Rfe1 Bxe2 22. Rxe2 Rad8 23. Qxe7 dxc4 24. Nf3 Rd1+ 0-1


[Site "https://www.chess.com"]

[Event "Titled Tuesday Blitz November 29 Early 2022"]
[White "Winterberg, Lukas"]
[Black "Shimanov, Aleksandr"]
[WhiteFideId "24622702"]
[BlackFideId "4198603"]
[WhiteElo "2349"]
[BlackElo "2605"]
[Result "0-1"]
[Round "01"]
[TimeControl "180+1"]
[Date "2022.11.30"]
[WhiteClock "0:02:07"]
[BlackClock "0:02:24"]

1. e4 d5 2. exd5 Qxd5 3. Nc3 Qe5+ 4. Be2 Bg4 5. d4 Bxe2 6. Ngxe2 Qa5 7. O-O Nf6 8. d5 c6 9. Nf4 cxd5 10. Nfxd5 Nxd5 11. Qxd5 Qxd5 12. Nxd5 Na6 13. Be3 e6 14. Nc3 Bc5 15. Bxc5 Nxc5 16. Rad1 Ke7 17. Rd2 Rhd8 18. Rfd1 Rxd2 19. Rxd2 Rc8 20. Kf1 a6 21. a4 Nd7 22. b3 Rxc3 0-1


[Site "https://www.chess.com"]

[Event "Titled Tuesday Blitz November 29 Early 2022"]
[White "Xie, Bryan"]
[Black "Molina, Roberto Junio Brito"]
[WhiteFideId "30941296"]
[BlackFideId "2109450"]
[WhiteElo "2033"]
[BlackElo "2388"]
[Result "0-1"]
[Round "01"]
[TimeControl "180+1"]
[Date "2022.11.30"]
[WhiteClock "0:00:57"]
[BlackClock "0:00:31"]

1. d4 d5 2. Nf3 Nf6 3. Bf4 c5 4. e3 Nc6 5. Nbd2 Qb6 6. dxc5 Qxb2 7. Rb1 Qa3 8. Bb5 Qxc5 9. c4 e6 10. O-O Be7 11. cxd5 Nxd5 12. Ne4 Qa3 13. Ne5 O-O 14. Nxc6 bxc6 15. Bxc6 Ba6 16. Bxa8 Bxf1 17. Bxd5 exd5 18. Qxd5 Bd3 19. Rd1 Bc2 20. Re1 Rd8 21. Qc4 Bd3 22. Qc3 Bxe4 23. Qxa3 Bxa3 24. f3 Bc2 25. e4 Bc5+ 26. Be3 Rd1 27. Bxc5 Rxe1+ 28. Kf2 Ra1 29. Bxa7 Rxa2 30. Be3 Bxe4+ 31. Kg3 Bd3 0-1


[Site "https://www.chess.com"]

[Event "Titled Tuesday Blitz November 29 Early 2022"]
[White "Yano, William Jorge Froes"]
[Black "Yeremyan, Alen"]
[WhiteFideId "2112949"]
[BlackFideId "13308998"]
[WhiteElo "2122"]
[BlackElo "2159"]
[Result "0-1"]
[Round "01"]
[TimeControl "180+1"]
[Date "2022.11.30"]
[WhiteClock "0:00:50"]
[BlackClock "0:01:06"]

1. e4 Nf6 2. Nc3 d5 3. exd5 Nxd5 4. Bc4 c6 5. Qf3 Nf6 6. h3 Nbd7 7. Qg3 Nb6 8. Bb3 Bf5 9. Nge2 e6 10. d3 Bd6 11. Qxg7 Rg8 12. Qh6 Rxg2 13. Bg5 Be7 14. Bd2 Qd7 15. O-O-O O-O-O 16. Be3 Nbd5 17. Nxd5 Nxd5 18. Bxa7 Bg5+ 19. Qxg5 Rxg5 20. Bd4 Nf4 21. Nxf4 Qxd4 22. Ne2 Qxf2 23. Nc3 Rg2 24. Kb1 Rxd3 25. Rdf1 Qd4 26. cxd3 Bxd3+ 27. Ka1 Bxf1 28. Rxf1 Rg1 29. Rb1 Rxb1+ 30. Kxb1 Qd3+ 31. Bc2 Qxh3 32. a4 h5 33. Ne4 h4 34. Ka2 Qf1 35. Kb3 h3 36. Nd2 Qg2 37. Kc3 h2 38. Be4 Qxe4 0-1


[Site "https://www.chess.com"]

[Event "Titled Tuesday Blitz November 29 Early 2022"]
[White "Zaichenko, Daria"]
[Black "Dushyant Sharma"]
[WhiteFideId "4197453"]
[BlackFideId "25065130"]
[WhiteElo "2039"]
[BlackElo "2270"]
[Result "0-1"]
[Round "01"]
[TimeControl "180+1"]
[Date "2022.11.30"]
[WhiteClock "0:00:10"]
[BlackClock "0:00:58"]

1. e4 e5 2. Nf3 Nc6 3. Bc4 Bc5 4. d3 Nf6 5. c3 d5 6. exd5 Nxd5 7. O-O O-O 8. b4 Be7 9. Qb3 Nb6 10. Bb5 Be6 11. Qc2 Bf6 12. Bxc6 bxc6 13. Bb2 a5 14. Nbd2 g6 15. Nb3 axb4 16. cxb4 Bd5 17. Nxe5 Qe7 18. Rfe1 Bxe5 19. Bxe5 Qxb4 20. Bxc7 Rfe8 21. Be5 Bxb3 22. Qxc6 Bd5 23. Qf6 Rxe5 24. Rxe5 Nd7 25. Qe7 Qd4 26. Rae1 Nxe5 27. Rxe5 Be6 28. Re1 Rxa2 29. Rf1 Qxd3 30. h3 Qd4 31. Qg5 Bc4 0-1


[Site "https://www.chess.com"]

[Event "Titled Tuesday Blitz November 29 Early 2022"]
[White "Zaksaite, Salomeja"]
[Black "Guzman, Christopher"]
[WhiteFideId "12801496"]
[BlackFideId "6405096"]
[WhiteElo "2079"]
[BlackElo "2272"]
[Result "0-1"]
[Round "01"]
[TimeControl "180+1"]
[Date "2022.11.30"]
[WhiteClock "0:00:02"]
[BlackClock "0:01:10"]

1. e4 e5 2. Nf3 Nc6 3. Bc4 Nf6 4. d4 exd4 5. e5 d5 6. Bb5 Nd7 7. Bxc6 bxc6 8. Nxd4 Bb7 9. O-O Be7 10. e6 Nf6 11. exf7+ Kxf7 12. Bf4 Re8 13. Re1 Bc5 14. Nb3 Bb6 15. Nc3 c5 16. a4 a5 17. Be5 d4 18. Bxf6 Qxf6 19. Qh5+ Qg6 20. Qxg6+ hxg6 21. Nb5 Bd5 22. Nd2 Re6 23. c4 Bc6 24. Kf1 Rae8 25. f3 Rh8 26. h3 Bd7 27. Rxe6 Bxe6 28. Re1 Rd8 29. Kf2 Rb8 30. b3 Rd8 31. Ne4 Bf5 32. g4 Bd7 33. f4 Kg8 34. Ng5 c6 35. Nd6 Bc7 36. Nde4 Bxf4 37. Nf3 Be3+ 38. Ke2 Re8 39. Kd3 Rf8 40. Nfd2 g5 41. Nxc5 Be8 42. Nce4 Bg6 43. Re2 Re8 44. Rxe3 dxe3 45. Kxe3 Bxe4 46. Nxe4 Rb8 47. Kd4 Rxb3 48. Kc5 Ra3 49. Kxc6 Rxa4 50. c5 Rxe4 0-1


[Site "https://www.chess.com"]

[Event "Titled Tuesday Blitz November 29 Early 2022"]
[White "Zaloznyy, Mike"]
[Black "Pinheiro, Iung Alicio de O."]
[WhiteFideId "2023075"]
[BlackFideId "2104350"]
[WhiteElo "2126"]
[BlackElo "2283"]
[Result "1-0"]
[Round "01"]
[TimeControl "180+1"]
[Date "2022.11.30"]
[WhiteClock "0:01:23"]
[BlackClock "0:00:12"]

1. Nf3 d5 2. g3 c6 3. Bg2 Bg4 4. Ne5 Bf5 5. O-O Nd7 6. d4 Nxe5 7. dxe5 Qd7 8. Nd2 Bh3 9. e4 d4 10. Bxh3 Qxh3 11. Nf3 O-O-O 12. Ng5 Qd7 13. Nxf7 e6 14. Nxh8 Nh6 15. Bxh6 gxh6 16. Qh5 Qg7 17. Nf7 Rd7 18. Nd6+ Kc7 19. Ne8+ Kd8 20. Nxg7 1-0


[Site "https://www.chess.com"]

[Event "Titled Tuesday Blitz November 29 Early 2022"]
[White "Zemlyanskii, Ivan"]
[Black "Bowden, Karl"]
[WhiteFideId "24249971"]
[BlackFideId "400548"]
[WhiteElo "2107"]
[BlackElo "2450"]
[Result "0-1"]
[Round "01"]
[TimeControl "180+1"]
[Date "2022.11.30"]
[WhiteClock "0:00:09"]
[BlackClock "0:00:31"]

1. d4 Nf6 2. c4 c5 3. d5 Ne4 4. Qc2 Qa5+ 5. Nd2 Nd6 6. e4 g6 7. Bd3 Bg7 8. Nf3 Na6 9. O-O Nb4 10. Qb1 Nxd3 11. Qxd3 O-O 12. e5 Nf5 13. Re1 d6 14. Nb3 Qc7 15. Bf4 a5 16. Nbd2 a4 17. Rad1 a3 18. b3 Qb6 19. Ne4 Bd7 20. Neg5 Nd4 21. Nxd4 cxd4 22. e6 fxe6 23. Qh3 Rxf4 24. Qxh7+ Kf8 25. Rxe6 d3 26. h3 Qxf2+ 27. Kh1 Rf6 28. Rxe7 Kxe7 29. Qxg7+ Kd8 30. Ne4 Qf1+ 31. Rxf1 Rxf1+ 32. Kh2 Kc7 33. Qxg6 Re8 34. Qxd6+ Kc8 35. Qc5+ Kb8 36. Qd6+ Kc8 37. Nc5 Rf7 38. Nxd3 Rh8 39. Ne5 Rg7 40. Qxa3 Rhg8 41. Nxd7 Rxg2+ 42. Kh1 Rg1+ 43. Kh2 R8g2# 0-1


[Site "https://www.chess.com"]

[Event "Titled Tuesday Blitz November 29 Early 2022"]
[White "Zhigalko, Sergei"]
[Black "sabkeIXO"]
[WhiteFideId "13502956"]
[WhiteElo "2662"]
[BlackElo "2470"]
[Result "1-0"]
[Round "01"]
[TimeControl "180+1"]
[Date "2022.11.30"]
[WhiteClock "0:01:48"]
[BlackClock "0:01:42"]

1. e4 d5 2. exd5 Nf6 3. d4 Nxd5 4. c4 Nb6 5. Nf3 Bg4 6. c5 Nd5 7. Qb3 Bxf3 8. Qxb7 Bh5 9. Bb5+ Nd7 10. Qxd5 Rb8 11. Bxd7+ Qxd7 12. Qxh5 Qb5 13. Nc3 Qd3 14. Qf3 1-0


[Site "https://www.chess.com"]

[Event "Titled Tuesday Blitz November 29 Early 2022"]
[White "Aaditya Dhingra"]
[Black "Hakobyan, Aram"]
[WhiteFideId "25678191"]
[BlackFideId "13306677"]
[WhiteElo "2054"]
[BlackElo "2563"]
[Result "1/2-1/2"]
[Round "02"]
[TimeControl "180+1"]
[Date "2022.11.30"]
[WhiteClock "0:00:07"]
[BlackClock "0:00:15"]

1. d4 Nf6 2. Nc3 d5 3. Bf4 Bf5 4. e3 e6 5. a3 a6 6. Bd3 Bg6 7. Nf3 c5 8. dxc5 Bxc5 9. O-O Nc6 10. Qe2 O-O 11. Rad1 Bh5 12. Qd2 Bxf3 13. gxf3 Bd6 14. Bg3 Rc8 15. Kh1 Bxg3 16. hxg3 Ne5 17. Be2 Nc4 18. Bxc4 Rxc4 19. Kg2 Qc7 20. Rh1 b5 21. g4 h6 22. Qd3 Rd8 23. Rh3 Kf8 24. Rg3 b4 25. axb4 Rxb4 26. Ne2 Qc4 27. Qa3 Kg8 28. Rd4 Qxe2 29. Qxb4 Qxc2 30. g5 hxg5 31. Rxg5 Re8 32. Qd6 Nh7 33. Rg3 Nf8 34. Rdg4 Ng6 35. Qd7 Qc8 36. Qxc8 Rxc8 37. Ra4 Rc6 38. Rgg4 Rb6 39. Rgb4 Rc6 40. Rb3 Ne5 41. Rba3 Rc2 42. Ra2 Nc4 43. Kg3 Rxb2 44. Rxb2 Nxb2 45. Rxa6 g6 46. f4 Kg7 47. Kf3 Nc4 48. Ke2 Kf6 49. Ra7 Nd6 50. Rd7 Ne4 51. Rc7 Kg7 52. f3 Nf6 53. Kd3 Nh5 54. Ke2 Kf6 55. Kf2 Ng7 56. Ke2 Nf5 57. Rd7 Ne7 58. e4 dxe4 59. fxe4 Ng8 60. Kf3 Nh6 61. Rc7 g5 62. fxg5+ Kxg5 63. Rb7 Ng4 64. Kg3 Ne5 65. Ra7 Kf6 66. Rb7 Nd3 67. Rc7 Ke5 68. Rxf7 Kxe4 69. Re7 e5 70. Rxe5+ Nxe5 1/2-1/2


[Site "https://www.chess.com"]

[Event "Titled Tuesday Blitz November 29 Early 2022"]
[White "Aarav Dengla"]
[Black "Fernandez Hernandez, Gerardo"]
[WhiteFideId "45059756"]
[BlackFideId "2207400"]
[WhiteElo "2261"]
[BlackElo "2219"]
[Result "1-0"]
[Round "02"]
[TimeControl "180+1"]
[Date "2022.11.30"]
[WhiteClock "0:00:21"]
[BlackClock "0:00:01"]

1. e4 e6 2. d4 d5 3. e5 c5 4. c3 Nc6 5. Nf3 Qb6 6. Be2 f6 7. exf6 Nxf6 8. O-O Bd6 9. h3 O-O 10. a4 a6 11. a5 Qc7 12. Be3 c4 13. Qa4 Bd7 14. Qa2 Ne4 15. Nbd2 Nxd2 16. Nxd2 e5 17. dxe5 Nxe5 18. Rfd1 Kh8 19. Nf1 Bc6 20. Ng3 Nd3 21. Bxd3 cxd3 22. Nf1 Qe7 23. Rxd3 Qe5 24. g3 Qf5 25. Rad1 Qxh3 26. Rxd5 Bxd5 27. Qxd5 Rad8 28. Qxb7 Bxg3 29. Rxd8 Bxf2+ 30. Bxf2 Qg4+ 31. Qg2 Qxg2+ 32. Kxg2 Rxd8 33. Bd4 Re8 34. Ne3 Kg8 35. b4 g6 36. Nd5 Kf7 37. Nc7 Re7 38. Nxa6 Re2+ 39. Kf3 g5 40. Nc5 Rc2 41. a6 Ra2 42. b5 Kg6 43. b6 h5 44. b7 g4+ 45. Kg3 Kg5 46. Be3+ Kf5 47. b8=Q h4+ 48. Kxh4 Rh2+ 49. Qxh2 1-0


[Site "https://www.chess.com"]

[Event "Titled Tuesday Blitz November 29 Early 2022"]
[White "Abasov, Nijat"]
[Black "Gabdrakhmanov, Azat"]
[WhiteFideId "13402960"]
[BlackFideId "34189197"]
[WhiteElo "2546"]
[BlackElo "2254"]
[Result "1-0"]
[Round "02"]
[TimeControl "180+1"]
[Date "2022.11.30"]
[WhiteClock "0:00:25"]
[BlackClock "0:00:03"]

1. Nf3 c5 2. c4 e6 3. Nc3 b6 4. d4 cxd4 5. Nxd4 Bb7 6. e4 d6 7. Be2 Nf6 8. Qc2 Nbd7 9. O-O Be7 10. Rd1 O-O 11. Be3 a6 12. b4 Rc8 13. a3 Ne5 14. Qb3 Nxe4 15. Nxe4 Bxe4 16. c5 Bd5 17. Qb2 dxc5 18. bxc5 bxc5 19. Nxe6 fxe6 20. Qxe5 Bf6 21. Qh5 g6 22. Qh3 Bxa1 23. Rxa1 Qf6 24. Rc1 c4 25. Qg4 c3 26. Bxa6 Ra8 27. Bf1 Rfc8 28. h4 c2 29. Bd3 Rxa3 30. Rxc2 Rxc2 31. Bxc2 Ra2 32. Bd3 Qe5 33. Qb4 Ra1+ 34. Bf1 Qf6 35. Bh6 Ra8 36. f3 Qf7 37. Qc3 Qa7+ 38. Kh1 Qf7 39. Kh2 Qe7 40. Kg3 Qd7 41. Bf4 Rc8 42. Qd4 Qf7 43. Bd3 Rf8 44. Bd6 Re8 45. Be5 Rf8 46. Qe3 Re8 47. Qh6 Rd8 48. h5 Bxf3 49. hxg6 hxg6 50. Qh8# 1-0


[Site "https://www.chess.com"]

[Event "Titled Tuesday Blitz November 29 Early 2022"]
[White "Adnan, Habib"]
[Black "Kuzmin, Roman"]
[WhiteFideId "11202270"]
[BlackFideId "44134932"]
[WhiteElo "2110"]
[BlackElo "2197"]
[Result "0-1"]
[Round "02"]
[TimeControl "180+1"]
[Date "2022.11.30"]
[WhiteClock "0:00:07"]
[BlackClock "0:00:02"]

1. d4 Nf6 2. c4 e6 3. g3 d5 4. Bg2 Be7 5. Nf3 O-O 6. O-O Nbd7 7. Qc2 c6 8. Nbd2 b6 9. e4 dxc4 10. Nxc4 Bb7 11. Rd1 c5 12. d5 exd5 13. exd5 Bxd5 14. Nfe5 Bxg2 15. Kxg2 Qc8 16. Bf4 Nxe5 17. Bxe5 Qc6+ 18. Kg1 Rad8 19. Ne3 Qe6 20. f4 Bd6 21. Rxd6 Rxd6 22. Nf5 Rd7 23. Re1 Qc6 24. g4 Re8 25. h3 Qf3 26. Qc3 Qxc3 27. bxc3 Re6 28. Kf2 Ne8 29. c4 f6 30. Bc3 Rxe1 31. Kxe1 Kf7 32. Ke2 g6 33. Ne3 Nc7 34. g5 fxg5 35. fxg5 Ke6 36. Ng4 Kf5 37. Nf6 Re7+ 38. Kf3 Kxg5 39. Ne4+ Kf5 40. Ng3+ Ke6 41. Ne4 Kd7 42. Kf4 Kc6 43. Nf6 b5 44. cxb5+ Nxb5 45. Be5 Nc7 46. Ng4 Nd5+ 47. Kg5 Kb5 48. Bd6 Rd7 49. Be5 c4 50. Nf2 c3 51. Nd3 Kc4 52. Nc1 Nb4 53. a3 Nd3 54. Nxd3 Kxd3 55. Bf4 c2 56. Kh6 Rf7 57. Bg5 Ke2 58. h4 Kd1 59. a4 c1=Q 60. Bxc1 Kxc1 61. a5 Rf5 62. Kxh7 Rxa5 63. Kxg6 Rb5 64. h5 a5 65. h6 a4 66. h7 Rb8 67. Kf5 a3 68. Ke4 a2 69. Kd3 a1=Q 70. h8=Q Qxh8 71. Ke4 Rb4+ 72. Kd5 Qd4+ 73. Ke6 Rb6+ 74. Ke7 Qd6+ 75. Kf7 Rb7+ 76. Kg8 Qb8# 0-1


[Site "https://www.chess.com"]

[Event "Titled Tuesday Blitz November 29 Early 2022"]
[White "Akbas, Umut Ata"]
[Black "Tologon tegin, Semetei"]
[WhiteFideId "44572646"]
[BlackFideId "13800574"]
[WhiteElo "2192"]
[BlackElo "2282"]
[Result "1-0"]
[Round "02"]
[TimeControl "180+1"]
[Date "2022.11.30"]
[WhiteClock "0:00:19"]
[BlackClock "0:00:07"]

1. d4 Nf6 2. c4 e6 3. Nc3 Bb4 4. Qc2 c5 5. dxc5 Na6 6. g3 Nxc5 7. Bg2 O-O 8. Bd2 d6 9. Nf3 Bd7 10. O-O Bc6 11. Rfd1 Qe7 12. Bg5 Rfd8 13. Nd4 Bxg2 14. Kxg2 Bxc3 15. Bxf6 Qxf6 16. Qxc3 Rac8 17. Nb5 Qxc3 18. Nxc3 a6 19. Rd4 Kf8 20. Rad1 Ke7 21. b4 Nd7 22. Ne4 e5 23. Rxd6 Rxc4 24. Nc5 Rd4 25. R6xd4 exd4 26. Nxb7 Rb8 27. Na5 Rb6 28. Rxd4 f5 29. a3 Nf6 30. Rc4 Kd7 31. Rc5 g6 32. f3 Rd6 33. Nc4 Rd1 34. Ra5 Rc1 35. Rxa6 Ke7 36. Ne3 Rc3 37. Kf2 Rb3 38. h4 Nd7 39. Nd5+ Kf7 40. h5 gxh5 41. Ra7 Ke6 42. Nf4+ Kd6 43. Nxh5 h6 44. Ra6+ Kd5 45. Nf4+ Kc4 46. Rc6+ Kb5 47. Rxh6 Ne5 48. Rh5 Kc4 49. Rxf5 Kd4 50. Ne6+ Kd5 51. f4 Kxe6 52. Rxe5+ Kf6 53. Ra5 Rb2 54. Kf3 Rb3+ 55. e3 Rb1 56. Ra6+ Kf7 57. g4 Rf1+ 58. Ke4 Rg1 59. Kf5 Rc1 60. Ra7+ Ke8 61. e4 1-0


[Site "https://www.chess.com"]

[Event "Titled Tuesday Blitz November 29 Early 2022"]
[White "Al-Tarboush, Ward"]
[Black "Dardha, Daniel"]
[WhiteFideId "7601450"]
[BlackFideId "240990"]
[WhiteElo "2273"]
[BlackElo "2528"]
[Result "0-1"]
[Round "02"]
[TimeControl "180+1"]
[Date "2022.11.30"]
[WhiteClock "0:00:05"]
[BlackClock "0:00:05"]

1. e4 c6 2. Nf3 d5 3. Nc3 dxe4 4. Nxe4 Nf6 5. Nxf6+ exf6 6. Bc4 Bd6 7. Qe2+ Qe7 8. Qxe7+ Kxe7 9. O-O Be6 10. Re1 Re8 11. d4 Kf8 12. Bd3 h6 13. c4 Na6 14. Bd2 Nb4 15. Bxb4 Bxb4 16. Re3 Red8 17. a3 Bd6 18. Rae1 Bc7 19. Bf1 Rd7 20. h3 Rad8 21. b4 a5 22. g4 f5 23. gxf5 Bxf5 24. c5 axb4 25. axb4 Be6 26. b5 Bd5 27. b6 Bf4 28. Ne5 Bxe5 29. dxe5 Ra8 30. Rd1 Ra5 31. Rc3 Ke7 32. f4 Rd8 33. Bg2 Ke6 34. h4 Ra4 35. Bxd5+ Rxd5 36. Rxd5 Kxd5 37. f5 Kxe5 38. Rd3 Rc4 39. Rd7 Kf6 40. Rxb7 Rxc5 41. Rc7 Rc1+ 42. Kf2 c5 43. b7 Rb1 44. Ke3 Rb4 45. Kd3 g6 46. fxg6 fxg6 47. Kc3 g5 48. h5 g4 49. Rc6+ Kf7 50. Rc7+ Ke6 51. Rc6+ Kd5 52. Rxh6 Rxb7 53. Rg6 Rh7 54. Rg5+ Kd6 55. Kc4 g3 56. Rg6+ Ke5 57. Rxg3 Rxh5 58. Re3+ Kd6 59. Rd3+ Kc6 60. Re3 Rh4+ 61. Kc3 Kb5 62. Re8 Rh3+ 63. Kc2 Kb4 64. Re4+ c4 65. Re8 Rh2+ 66. Kc1 Kb3 67. Re7 Rh1+ 68. Kd2 c3+ 69. Kd3 Rd1+ 70. Ke2 c2 71. Rb7+ Kc3 72. Rc7+ Kb2 73. Rb7+ Kc1 74. Rb5 Rd7 75. Rb8 Re7+ 76. Kf2 Re5 77. Rb7 Kd2 78. Rd7+ Kc3 79. Rc7+ Kd3 80. Kf3 Rf5+ 81. Kg2 Rd5 82. Kf2 Kd2 0-1


[Site "https://www.chess.com"]

[Event "Titled Tuesday Blitz November 29 Early 2022"]
[White "Aloma Vidal, Robert"]
[Black "Sailer, Mike"]
[WhiteFideId "2260409"]
[BlackFideId "2012901"]
[WhiteElo "2435"]
[BlackElo "2109"]
[Result "1-0"]
[Round "02"]
[TimeControl "180+1"]
[Date "2022.11.30"]
[WhiteClock "0:00:12"]
[BlackClock "0:00:59"]

1. e4 d5 2. exd5 Qxd5 3. Nc3 Qd6 4. d4 Nf6 5. Nf3 c6 6. g3 Bf5 7. Bg2 e6 8. O-O Be7 9. Bf4 Qd8 10. h3 h6 11. g4 Bh7 12. Ne5 O-O 13. Bg3 Nbd7 14. f4 Nd5 15. Nxd5 cxd5 16. c3 Nf6 17. f5 exf5 18. gxf5 Ne4 19. Bxe4 dxe4 20. Qg4 Bg5 21. h4 Be3+ 22. Kh2 h5 23. Qxh5 f6 24. Nc4 Bh6 25. Nd6 e3 26. Rg1 a5 27. Rae1 Ra6 28. Nc4 Re8 29. Rg2 b5 30. Na3 b4 31. Nc2 bxc3 32. bxc3 Rc6 33. Ree2 Rxc3 34. Be1 Qd6+ 35. Kg1 Rd3 36. Qxe8+ Qf8 37. Qxf8+ Kxf8 38. Bxa5 Rd1+ 39. Re1 Bxf5 40. Rxd1 1-0


[Site "https://www.chess.com"]

[Event "Titled Tuesday Blitz November 29 Early 2022"]
[White "Ambartsumova, Karina"]
[Black "Buscar, Michael"]
[WhiteFideId "4166299"]
[BlackFideId "2603616"]
[WhiteElo "2319"]
[BlackElo "2010"]
[Result "1-0"]
[Round "02"]
[TimeControl "180+1"]
[Date "2022.11.30"]
[WhiteClock "0:00:20"]
[BlackClock "0:00:01"]

1. Nf3 Nf6 2. c4 c5 3. Nc3 Nc6 4. d4 cxd4 5. Nxd4 g6 6. e4 d6 7. Nc2 Bg7 8. Be2 O-O 9. O-O Be6 10. Be3 Rc8 11. Rc1 Qa5 12. f4 Nb4 13. Na3 Nxa2 14. Nxa2 Nxe4 15. Qc2 d5 16. Bd3 Nd6 17. c5 b6 18. c6 d4 19. Bd2 Qh5 20. Nb4 a5 21. Na6 Bd5 22. c7 Bb7 23. Nb8 Qd5 24. Rf2 Rfe8 25. Nd7 Qe6 26. Nxb6 Ne4 27. Bxe4 Bxe4 28. Qc5 1-0


[Site "https://www.chess.com"]

[Event "Titled Tuesday Blitz November 29 Early 2022"]
[White "Amin-Erdene, Bayanmunkh"]
[Black "Fudalej, Michal"]
[WhiteFideId "4903161"]
[BlackFideId "1118781"]
[WhiteElo "1447"]
[BlackElo "2088"]
[Result "1-0"]
[Round "02"]
[TimeControl "180+1"]
[Date "2022.11.30"]
[WhiteClock "0:00:37"]
[BlackClock "0:00:16"]

1. d4 Nf6 2. Bf4 b6 3. e3 Bb7 4. c3 g6 5. Nf3 Bg7 6. Be2 O-O 7. h3 d6 8. O-O Nbd7 9. Nbd2 Qe8 10. Nc4 Ne4 11. Nfd2 e5 12. Bh2 f5 13. dxe5 dxe5 14. Nf3 Rd8 15. Qc2 h6 16. Rfd1 Kh8 17. a4 Qe6 18. a5 b5 19. Ncd2 a6 20. c4 b4 21. Nxe4 Bxe4 22. Qa4 c5 23. Rd2 Bc6 24. Qb3 e4 25. Rd6 Qf7 26. Rxc6 exf3 27. Bxf3 Ne5 28. Bxe5 Bxe5 29. Bd5 Qe7 30. Rxg6 Rf6 31. Rxf6 Qxf6 32. Rb1 Rd7 33. Qc2 Rg7 34. b3 f4 35. Qe4 fxe3 36. Qxe3 Bd4 37. Qe8+ Kh7 38. Be4+ 1-0


[Site "https://www.chess.com"]

[Event "Titled Tuesday Blitz November 29 Early 2022"]
[White "Andreev, Konstantin"]
[Black "Zaichenko, Daria"]
[WhiteFideId "24239305"]
[BlackFideId "4197453"]
[WhiteElo "2106"]
[BlackElo "2039"]
[Result "0-1"]
[Round "02"]
[TimeControl "180+1"]
[Date "2022.11.30"]
[WhiteClock "0:00:04"]
[BlackClock "0:00:13"]

1. e4 c5 2. Nf3 Nc6 3. Nc3 g6 4. d4 cxd4 5. Nxd4 Bg7 6. Be3 e5 7. Ndb5 Nf6 8. Nd5 O-O 9. Bc5 Re8 10. Nbc7 Nxd5 11. Nxd5 Qa5+ 12. b4 Qa3 13. Bd3 b6 14. Bd6 Re6 15. Nc7 Rxd6 16. Nxa8 Qc3+ 17. Kf1 Nxb4 18. g3 Nxd3 19. cxd3 Rxd3 20. Qc1 Bb7 21. Nc7 Bxe4 22. Rg1 Bc6 23. Qxc3 Rxc3 24. Ke2 e4 25. Rgc1 Ra3 26. Rab1 Rxa2+ 27. Ke1 Bh6 28. Rd1 Ba4 29. Ra1 Rxa1 30. Rxa1 b5 31. Nd5 Bg7 32. Ra3 a5 33. Ke2 f5 34. Nc3 Bc2 35. Rxa5 Bxc3 36. Ra8+ Kg7 37. Rc8 Bd3+ 38. Ke3 b4 39. Rb8 d5 40. f3 d4+ 41. Kf2 e3+ 42. Kg2 e2 43. Rb7+ Kh6 44. g4 e1=Q 45. h4 fxg4 46. fxg4 Qxh4 47. Rb6 Qxg4+ 48. Kh2 Bf1 49. Rxg6+ Kxg6 0-1


[Site "https://www.chess.com"]

[Event "Titled Tuesday Blitz November 29 Early 2022"]
[White "Andreikin, Dmitry"]
[Black "Taboas Rodriguez, Daniel"]
[WhiteFideId "4158814"]
[BlackFideId "2208466"]
[WhiteElo "2736"]
[BlackElo "2329"]
[Result "1-0"]
[Round "02"]
[TimeControl "180+1"]
[Date "2022.11.30"]
[WhiteClock "0:01:56"]
[BlackClock "0:00:44"]

1. e4 e5 2. Nf3 Nc6 3. g3 Nf6 4. d3 Bc5 5. Bg2 O-O 6. O-O d6 7. c3 Bb6 8. Nbd2 a6 9. Nc4 Ba7 10. Bg5 h6 11. Bh4 Be6 12. Ne3 Ne7 13. Bxf6 gxf6 14. Nh4 Kh7 15. Qh5 Rg8 16. Nef5 Nxf5 17. Nxf5 Bxf5 18. Qxf5+ Rg6 19. Rad1 Qc8 20. Bh3 Qd8 21. Qh5 Kg7 22. Bf5 Rg5 23. Qf3 Kh8 24. h4 Rg8 25. Qh5 Qf8 26. Kh2 Qg7 27. d4 Raf8 28. b4 Bb6 29. a4 a5 30. b5 Ba7 31. Rd3 c5 32. dxe5 dxe5 33. Rd7 c4 34. g4 Bc5 35. Rxb7 Ba3 36. Rd1 1-0


[Site "https://www.chess.com"]